Map: Cerulean Fall LE

Players

Jason - Winner!

  • Race: Terran Terran
  • League: Grandmaster
  • Spawn Location: 7:00

Fable

  • Race: Terran Terran
  • League: Grandmaster
  • Spawn Location: 1:00

VOD

https://www.youtube.com/watch?v=2WasY5MR8gM

Description

JuggernautJason's TvT Tutorial

Time

  • Played on: Jan. 2, 2019, 6:51 p.m.
  • Length: 9:46
Show
View Real Time Build Order
Export as new Build Order

Jason Terran - Winner!

Build Orders: Gas First Reaper Expand 

Get SALT Encoding   

  12  0:01  SCV  
  13  0:13  SCV  
  14  0:18  Supply Depot  
  14  0:25  SCV  
  15  0:29  Refinery  
  15  0:40  SCV  
  16  0:45  Barracks  
  16  0:52  SCV  
  17  1:04  SCV  
  18  1:16  SCV  
  19  1:33  Reaper, Orbital Command  
  20  1:44  Command Center  
  20  1:54  Factory  
  20  1:59  SCV  
  21  2:06  Barracks Reactor  
  21  2:09  Supply Depot  
  21  2:11  SCV  
  22  2:23  Bunker, SCV  
  22  2:27  Refinery  
  23  2:35  SCV  
  24  2:38  Factory Tech Lab  
  24  2:42  Marine  
  24  2:43  Marine  
  26  2:48  SCV  
  27  2:57  Orbital Command  
  27  3:00  Marine x2  
  27  3:01  SCV  
  27  3:05  Cyclone  
  33  3:14  Starport  
  33  3:17  SCV  
  34  3:22  Marine x2  
  36  3:29  SCV  
  37  3:48  Marine x2, SCV  
  42  3:49  SCV  
  42  3:51  Supply Depot  
  41  3:58  Factory Tech Lab  
  41  3:59  Command Center  
  41  4:01  Raven  
  43  4:03  SCV x2  
  43  4:08  Marine  
  46  4:12  Marine  
  46  4:15  SCV  
  48  4:20  SCV  
  48  4:22  Siege Tank  
  52  4:29  SCV  
  53  4:32  SCV  
  53  4:36  Supply Depot  
  54  4:47  SCV  
  54  4:52  Barracks  
  54  4:54  Starport Reactor, Barracks  
  54  4:57  Engineering Bay, SCV  
  54  4:58  Engineering Bay  
  54  4:59  SCV  
  56  5:00  Marine, Refinery, Siege Tank  
  56  5:01  Refinery  
  56  5:07  Stimpack  
  60  5:09  SCV  
  60  5:11  SCV  
  60  5:13  Supply Depot  
  62  5:15  Orbital Command  
  62  5:22  Marine  
  62  5:25  SCV x2  
  65  5:29  Terran Infantry Weapons Level 1  
  65  5:37  Terran Infantry Armor Level 1, SCV x2  
  65  5:39  Supply Depot  
  65  5:40  Marine  
  65  5:41  SCV  
  69  5:44  Marine x2  
  69  5:45  Marine x2  
  69  5:46  Starport Reactor, Orbital Command  
  69  5:49  Missile Turret, SCV x2  
  75  5:58  Marine  
  75  6:01  SCV  
  75  6:02  Marine x3  
  80  6:04  Siege Tank  
  80  6:06  SCV  
  80  6:07  Sensor Tower  
  80  6:09  Marine  
  84  6:14  SCV x2  
  84  6:16  Marine  
  86  6:19  Barracks  
  86  6:20  Barracks  
  86  6:22  SCV  
  87  6:25  Marine x2  
  87  6:26  Marine, SCV x2  
  92  6:38  Siege Tank, Medivac x2  
  92  6:39  Supply Depot  
  100  6:40  SCV x2  
  101  6:54  Armory  
  101  6:57  Supply Depot  
  101  7:00  Marine x5, SCV x3  
  109  7:01  Supply Depot  
  109  7:04  Missile Turret  
  109  7:07  Combat Shield  
  109  7:10  Factory  
  109  7:13  Barracks Reactor x2  
  109  7:16  Supply Depot x2  
  109  7:18  SCV x3  
  112  7:23  Marine x4  
  112  7:25  Medivac  
  112  7:27  Medivac  
  112  7:29  Refinery  
  120  7:30  Refinery, SCV  
  120  7:31  SCV  
  120  7:32  SCV  
  120  7:34  Marine  
  123  7:41  Marine x2  
  123  7:42  Missile Turret, Supply Depot  
  125  7:45  Marine  
  125  7:46  SCV x3  
  125  7:49  Supply Depot  
  125  7:50  Marine x2  
  130  7:52  Marine, Supply Depot  
  130  7:53  Marine x2  
  130  7:56  Marine  
  134  7:59  Marine x2  
  134  8:00  Siege Tank  
  134  8:03  Marine, Factory Tech Lab  
  140  8:07  Marine  
  140  8:08  Marine  
  140  8:11  Marine x2, Missile Turret  
  141  8:12  Marine  
  141  8:14  Marine, Missile Turret  
  141  8:15  Missile Turret  
  143  8:23  Siege Tank  
  146  8:33  Siege Tank  
  149  8:35  Marine  
  149  8:37  Marine x2  
  149  8:38  Marine x6  
  149  8:39  Medivac x2  
  161  8:53  Marine  
  165  8:55  Siege Tank  
  165  9:07  Marine x2  
  165  9:08  Marine x2  
  165  9:09  Marine  
  165  9:10  Marine, Siege Tank  
  165  9:12  Medivac  
  164  9:21  Marine x3  
  157  9:25  Marine x2  
Show
View Real Time Build Order
Export as new Build Order

Fable Terran 

Build Orders:  

Get SALT Encoding   

  12  0:00  SCV  
  13  0:13  SCV  
  14  0:21  Supply Depot  
  14  0:25  SCV  
  14  0:27  Refinery  
  15  0:43  SCV  
  15  0:44  Barracks  
  16  0:55  Refinery, SCV  
  17  1:07  SCV  
  18  1:19  SCV  
  19  1:32  Reaper, Orbital Command  
  20  1:37  Factory  
  20  1:48  Supply Depot  
  20  1:58  SCV  
  21  2:04  Reaper  
  22  2:10  SCV  
  23  2:22  SCV  
  26  2:23  Hellion  
  26  2:28  Command Center  
  26  2:34  SCV  
  26  2:37  Barracks Reactor  
  27  2:45  Factory Tech Lab  
  27  2:50  Supply Depot, SCV  
  28  2:54  Starport  
  28  3:02  SCV  
  29  3:11  Cyclone  
  32  3:14  Marine, SCV  
  34  3:26  SCV  
  34  3:31  Marine  
  34  3:32  Marine  
  35  3:36  Refinery  
  35  3:38  SCV  
  36  3:42  SCV  
  35  3:51  SCV  
  35  3:52  Marine  
  35  3:53  Marine  
  35  3:55  Orbital Command  
  38  3:56  Factory Tech Lab  
  38  3:58  Raven  
  40  4:03  SCV  
  41  4:12  Marine x2  
  41  4:15  SCV  
  44  4:24  SCV  
  44  4:27  SCV  
  44  4:29  Siege Tank  
  44  4:30  Marine  
  49  4:34  Supply Depot  
  49  4:38  SCV  
  50  4:40  Marine  
  50  4:43  SCV  
  52  4:47  Raven  
  54  4:56  Marine, SCV x2  
  54  4:58  Command Center, Supply Depot  
  54  4:59  Marine  
  58  5:05  Siege Tank  
  61  5:08  SCV  
  61  5:12  Supply Depot  
  62  5:19  SCV  
  63  5:21  SCV  
  63  5:24  Supply Depot  
  64  5:35  SCV  
  65  5:36  Marine  
  65  5:37  Stimpack, Siege Tank  
  68  5:43  Viking  
  68  5:45  SCV  
  68  5:46  Supply Depot  
  68  5:47  Refinery, SCV  
  68  5:48  Viking  
  74  5:51  Supply Depot  
  74  5:54  Marine  
  75  5:57  SCV  
  75  5:59  SCV  
  77  6:04  Engineering Bay  
  77  6:07  Engineering Bay  
  77  6:09  SCV  
  78  6:11  SCV  
  78  6:14  Marine  
  80  6:21  SCV  
  80  6:25  Barracks x2  
  80  6:27  Siege Tank  
  80  6:31  SCV  
  84  6:33  SCV  
  84  6:35  Terran Infantry Weapons Level 1, Terran Infantry Armor Level 1  
  84  6:36  Marine, Supply Depot  
  84  6:38  Orbital Command  
  86  6:49  SCV x2  
  88  6:55  Marine, Starport Reactor  
  89  7:01  SCV x2  
  89  7:02  Barracks x2  
  89  7:06  Sensor Tower  
  91  7:10  SCV  
  91  7:13  SCV x2  
  94  7:16  Supply Depot  
  94  7:17  Marine x2, Siege Tank  
  94  7:21  Marine  
  94  7:22  Refinery, SCV  
  101  7:25  SCV  
  101  7:26  SCV  
  101  7:27  Missile Turret  
  101  7:29  Supply Depot  
  103  7:34  SCV  
  104  7:37  Combat Shield, SCV  
  104  7:38  SCV  
  104  7:40  Refinery  
  106  7:45  Armory, Marine x5  
  106  7:46  Starport Reactor  
  110  7:53  SCV x2  
  110  7:54  SCV  
  113  8:02  Marine, Barracks Reactor x2  
  113  8:03  Marine  
  112  8:05  SCV  
  112  8:06  SCV x2  
  112  8:11  Marine x3  
  117  8:13  Command Center  
  117  8:18  SCV x2  
  119  8:20  Marine x2, Siege Tank  
  119  8:21  Missile Turret  
  119  8:24  Missile Turret, Medivac x2  
  128  8:29  Marine x3  
  128  8:38  Marine x2  
  128  8:39  Marine x2  
  128  8:40  Marine  
  128  8:41  Marine  
  134  8:45  SCV x3  
  134  8:47  Marine x3  
  139  8:55  Medivac  
  141  9:01  Marine  
  141  9:02  Marine  
  141  9:03  Marine  
  141  9:04  Marine x2, Medivac  
  141  9:05  Marine x2  
  141  9:06  Siege Tank  
  136  9:10  SCV  
  136  9:11  Marine x2  
  136  9:14  SCV  
  128  9:18  SCV  
  128  9:19  Marine  
  128  9:20  Marine  
  128  9:21  Marine x3  
  128  9:23  Marine  
  130  9:32  SCV x3  
Tags
 
Add a new tag
Caveats
  • Supply blocks, unpowered buildings, or Contaminate may cause inaccurate times.
  • Supply counts are checked every 10 seconds.